 Dungeon Crawl Stone Soup version 0.26-b1-32-g5d43845318 (webtiles) character file.

Game seed: 9698135866553422249

352 Sekiam the Shield-Bearer (level 6, 0/53 HPs)
             Began as a Gnoll Fighter on Jan 12, 2021.
             Was a Follower of Zin.
             Slain by Maggie
             ... wielding a +0 halberd
              (6 damage)
             ... on level 6 of the Dungeon.
             The game lasted 00:06:31 (3189 turns).

Sekiam the Shield-Bearer (Gnoll Fighter)            Turns: 3189, Time: 00:06:32

Health: 0/53       AC: 11    Str: 21    XL:     6   Next: 62%
Magic:  9/9        EV:  7    Int: 10    God:    Zin [*.....]
Gold:   144        SH: 11    Dex: 14    Spells: 9/9 levels left

rFire    . . .     SeeInvis .   a - +0 long sword
rCold    . . .     Faith    .   c - +0 kite shield
rNeg     . . .     Spirit   .   n - +0 chain mail
rPois    .         Reflect  .   i - +1 hat
rElec    .         Harm     .   (no cloak)
rCorr    .         Rampage  .   (no gloves)
Will     .....                  (no boots)
Stlth    ..........             j - amulet of magic regeneration
HPRegen  0.17/turn              (no ring)
MPRegen  0.36/turn              (no ring)

@: mesmerised
A: distributed training, fangs 1, strong nose
a: Renounce Religion, Recite, Donate Gold


You were on level 6 of the Dungeon.
You worshipped Zin.
Zin was aware of your devotion.
You visited 1 branch of the dungeon, and saw 5 of its levels.

You collected 160 gold pieces.
You donated 16 gold pieces to Zin.

Inventory:

Hand Weapons
 a - a +0 long sword (weapon)
Armour
 b - a +0 scale mail
 c - a +0 kite shield (worn)
 i - a +1 hat (worn)
 n - a +0 chain mail (worn)
Jewellery
 j - an amulet of magic regeneration (around neck)
Wands
 l - a wand of iceblast (9)
 q - a wand of acid (9)
Scrolls
 e - 3 scrolls of remove curse {unknown}
 f - 2 scrolls of blinking {unknown}
 g - a scroll of enchant armour {unknown}
 k - 2 scrolls of identify {unknown}
 m - 2 scrolls of enchant weapon {unknown}
 p - a scroll of amnesia {unknown}
Potions
 d - 3 potions of might
 h - a potion of attraction {unknown}
 o - a potion of heal wounds
 r - a potion of curing {unknown}
 s - a potion of flight {unknown}


   Skills:
 + Level 6.8 Fighting
 + Level 2.0 Short Blades
 + Level 5.0 Long Blades
 + Level 2.0 Axes
 + Level 2.0 Maces & Flails
 + Level 2.0 Polearms
 + Level 2.0 Staves
 + Level 2.0 Slings
 + Level 2.0 Bows
 + Level 2.0 Crossbows
 + Level 2.0 Throwing
 + Level 6.8 Armour
 + Level 2.0 Dodging
 + Level 2.0 Stealth
 + Level 6.8 Shields
 + Level 2.0 Unarmed Combat
 + Level 2.0 Spellcasting
 + Level 1.6 Conjurations
 + Level 1.6 Hexes
 + Level 1.6 Summonings
 + Level 1.6 Necromancy
 + Level 1.6 Translocations
 + Level 1.6 Transmutations
 + Level 1.6 Fire Magic
 + Level 1.6 Ice Magic
 + Level 1.6 Air Magic
 + Level 1.6 Earth Magic
 + Level 1.6 Poison Magic
 + Level 2.2 Invocations
 + Level 2.0 Evocations


You had 9 spell levels left.
You didn't know any spells.
Your spell library contained the following spells:

 Spells                   Type           Power        Failure   Level
 Beastly Appendage        Tmut           8%           98%         1
 Wereblood                Tmut           4%           99%         2
 Spider Form              Tmut/Pois      2%           100%        3
 Ice Form                 Ice/Tmut       4%           100%        4
 Blade Hands              Tmut           2%           100%        5


Dungeon Overview and Level Annotations

Branches:
Dungeon (4/15)             Temple (0/1) D:6

Altars:
Elyvilon
Zin

Annotations:
D:6 Maggie


Innate Abilities, Weirdness & Mutations

Your experience applies equally to all skills.
You have very sharp teeth.
Your uncanny sense of smell can sniff out nearby items.


Message History

Maggie is severely wounded.
The centaur zombie barely misses you.
You riposte.
You slash the centaur zombie!
The centaur zombie is severely damaged.
Maggie gives herself a magical halo, but it quickly sputters out.
Maggie mumbles some strange words.
Maggie draws you further into her thrall.
You completely miss Maggie.
Maggie is severely wounded.
You block the centaur zombie's attack. x2
Maggie casts a spell at you. The bolt of fire misses you.
You closely miss Maggie. You bite Maggie, but do no damage.
Maggie is severely wounded.
The centaur zombie barely misses you. Maggie hits you but does no damage.
The centaur zombie hits you but does no damage.
You hit Maggie.
Maggie is almost dead.
Maggie hits you with a +0 halberd.
You die...

∆ ∆ ####. # #.#...
.###.....#
#######...$...... ∆
#.........#...#..
#.#####.#$.$#....
................#.....>
####..#######.#@Z.#.
#.. #.##@...# #. #.#
.##.... .. #.# .# .#.
## ∆... .# . ..# ## ##


You could see Maggie (mesmerising) and a centaur zombie.

Vanquished Creatures
  A scorpion (D:4)
  A jelly (D:3)
  An orc priest (D:4)
  Jessica (D:2)
  A worker ant (D:4)
  A howler monkey zombie (D:2)
  7 adders
  An ooze (D:3)
  A worm (D:2)
  3 dart slugs
  3 leopard geckos
  7 orcs
  A ball python (D:4)
  A bat skeleton (D:2)
  A bat zombie (D:2)
  5 giant cockroaches
  7 goblins
  9 hobgoblins
  4 jackals (D:3)
  5 quokkas
  A ball python skeleton (D:2)
  10 bats
  8 frilled lizards
  12 kobolds
  A leopard gecko skeleton (D:2)
  A quokka skeleton (D:2)
  2 quokka zombies (D:2)
  5 rats
101 creatures vanquished.

Vanquished Creatures (others)
  3 plants (D:2)
3 creatures vanquished.

Grand Total: 104 creatures vanquished

Notes
Turn   | Place    | Note
-------+----------+-------------------------------------------
     0 | D:1      | Sekiam the Gnoll Fighter began the quest for the Orb.
     0 | D:1      | Reached XP level 1. HP: 23/23 MP: 1/1
    42 | D:1      | Reached XP level 2. HP: 7/29 MP: 2/2
   558 | D:1      | Reached XP level 3. HP: 31/35 MP: 3/3
   742 | D:2      | Reached skill level 1 in Invocations
   752 | D:2      | Reached skill level 1 in Short Blades
   752 | D:2      | Reached skill level 1 in Axes
   752 | D:2      | Reached skill level 1 in Maces & Flails
   752 | D:2      | Reached skill level 1 in Polearms
   752 | D:2      | Reached skill level 1 in Staves
   752 | D:2      | Reached skill level 1 in Slings
   752 | D:2      | Reached skill level 1 in Bows
   752 | D:2      | Reached skill level 1 in Crossbows
   752 | D:2      | Reached skill level 1 in Throwing
   752 | D:2      | Reached skill level 1 in Dodging
   752 | D:2      | Reached skill level 1 in Stealth
   752 | D:2      | Reached skill level 1 in Unarmed Combat
   752 | D:2      | Reached skill level 1 in Spellcasting
   752 | D:2      | Reached skill level 1 in Evocations
   919 | D:2      | Noticed Jessica
   922 | D:2      | Killed Jessica
   923 | D:2      | Reached XP level 4. HP: 41/41 MP: 5/5
  1248 | D:2      | Reached skill level 1 in Conjurations
  1248 | D:2      | Reached skill level 1 in Hexes
  1248 | D:2      | Reached skill level 1 in Summonings
  1248 | D:2      | Reached skill level 1 in Necromancy
  1248 | D:2      | Reached skill level 1 in Translocations
  1248 | D:2      | Reached skill level 1 in Transmutations
  1248 | D:2      | Reached skill level 1 in Fire Magic
  1248 | D:2      | Reached skill level 1 in Ice Magic
  1248 | D:2      | Reached skill level 1 in Air Magic
  1248 | D:2      | Reached skill level 1 in Earth Magic
  1248 | D:2      | Reached skill level 1 in Poison Magic
  1433 | D:2      | Reached XP level 5. HP: 47/47 MP: 6/6
  1672 | D:3      | Found a white marble altar of Elyvilon.
  1797 | D:3      | Paralysed by an orc for 7 turns
  2071 | D:3      | Reached XP level 6. HP: 52/53 MP: 8/8
  2502 | D:4      | Found a glowing silver altar of Zin.
  2534 | D:4      | Became a worshipper of Zin the Law-Giver
  2534 | D:4      | Reached * piety under Zin
  2869 | D:4      | Reached skill level 5 in Long Blades
  3161 | D:4      | You fall into a shaft and drop 2 floors!
  3166 | D:6      | Noticed Maggie
  3169 | D:6      | Found a staircase to the Ecumenical Temple.
  3176 | D:6      | Paralysed by Maggie for 4 turns
  3183 | D:6      | Zin protects you from harm!
  3189 | D:6      | Slain by Maggie

Illustrated notes

Levels and vault maps discovered:
D:1:      heliophobic_arrival_enchanted_forest, layout_rooms, chequers_garden,
          minmay_misc_feat_encased, nrook_mini_vaults
D:2:      layout_basic, serial_undead, serial_undead_a, serial_undead_c,
          serial_undead_d, serial_undead_d, serial_bayou_lagoon_a, uniq_jessica
D:3:      layout_basic, chequers_serial_rivers_small_a, lemuel_altar_in_water
D:4:      layout_loops_corners, old_standard_altar, gup_sewer_entry_bubbles,
          minivault_11, makhleb_blood_cavern_becter
D:6:      layout_loops_ring, marbit_many_paths, minitemple,
          minmay_temple_entry_sparse_star, uniq_maggie

Skill      XL: |  1  2  3  4  5  6 |
---------------+-------------------+-----
Invocations    | 1 2 |  2.2
Short Blades   | 1 2 |  2.0
Axes           | 1 2 |  2.0
Maces & Flails | 1 2 |  2.0
Polearms       | 1 2 |  2.0
Staves         | 1 2 |  2.0
Slings         | 1 2 |  2.0
Bows           | 1 2 |  2.0
Crossbows      | 1 2 |  2.0
Throwing       | 1 2 |  2.0
Dodging        | 1 2 |  2.0
Stealth        | 1 2 |  2.0
Unarmed Combat | 1 2 |  2.0
Spellcasting   | 1 2 |  2.0
Evocations     | 1 2 |  2.0
Conjurations   | 1 |  1.6
Hexes          | 1 |  1.6
Summonings     | 1 |  1.6
Necromancy     | 1 |  1.6
Translocations | 1 |  1.6
Transmutations | 1 |  1.6
Fire Magic     | 1 |  1.6
Ice Magic      | 1 |  1.6
Air Magic      | 1 |  1.6
Earth Magic    | 1 |  1.6
Poison Magic   | 1 |  1.6
Long Blades    | 5 |  5.0
Fighting       | |  6.8
Armour         | |  6.8
Shields        | |  6.8

Action                   |  1- 3 |  4- 6 || total
-------------------------+-------+-------++-------
Melee: Long sword        |    78 |   229 ||   307
       Bite              |     8 |    38 ||    46
  Use: Potion            |       |     1 ||     1
Armor: Scale mail        |    53 |    41 ||    94
       Chain mail        |       |    78 ||    78
Dodge: Dodged            |    36 |    70 ||   106
Block: Kite shield       |    63 |   166 ||   229
       Rpst.: Long sword |     8 |    20 ||    28
